 Dungeon Crawl Stone Soup version 0.30-b1-2-g02819fbbbe (webtiles) character file.

Game seed: 951794246982452714

43 sanka the Slasher (level 3, -3/23 (27) HPs)
             Began as a Merfolk Reaver on May 7, 2023.
             Slain by an orc
             ... wielding a +0 mace
              (5 damage)
             ... on level 2 of the Dungeon.
             The game lasted 00:02:36 (2235 turns).

sanka the Slasher (Merfolk Reaver)                  Turns: 2235, Time: 00:02:37

HP:   -3/23 (27)    AC:  3    Str: 12    XL:     3   Next: 58%
MP:   6/6           EV: 12    Int: 14    God:
Gold: 119           SH:  0    Dex: 12    Spells: 5/6 levels left

rFire   . . .        a - +0 falchion
rCold   . . .        (no shield)
rNeg    + . .        b - +0 leather armour
rPois   .            (no helmet)
rElec   .            (no cloak)
rCorr   .            (no gloves)
SInv    .            (no boots)
Will    .....        (no amulet)
Stlth   +            d - ring of positive energy
HPRegen 0.23/turn    (no ring)
MPRegen 0.10/turn

%: no passive effects
@: heavily drained
A: (nimble swimmer 2), mertail
a: no special abilities


You were on level 2 of the Dungeon.
You visited 1 branch of the dungeon, and saw 3 of its levels.

You collected 119 gold pieces.

Inventory:

Hand Weapons
 a - a +0 falchion (weapon)
Armour
 b - a +0 leather armour (worn)
Jewellery
 d - a ring of positive energy (left hand)
Wands
 i - a wand of roots (5)
Scrolls
 c - 4 scrolls of amnesia {unknown}
 g - 2 scrolls of teleportation {unknown}
 h - 2 scrolls of blinking {unknown}
 l - a scroll of noise {unknown}
 n - 2 scrolls of identify {unknown}
 o - a scroll of fear {unknown}
Potions
 e - 2 potions of flight {unknown}
 f - 2 potions of degeneration {unknown}
 j - a potion of lignification {unknown}
 k - a potion of curing {unknown}
 m - a potion of haste {unknown}


   Skills:
 - Level 2.1 Fighting
 + Level 5.4 Long Blades
 - Level 2.6 Dodging
 - Level 2.0 Spellcasting
 - Level 2.4 Conjurations


You had 5 spell levels left.
You knew the following spells:

 Your Spells              Type           Power      Damage    Failure   Level
a - Kiss of Death         Conj/Necr      16%        2d6       19%         1

Your spell library contained the following spells:

 Spells                   Type           Power      Damage    Failure   Level
 Magic Dart               Conj           32%        1d4       12%         1
 Momentum Strike          Conj/Tloc      8%         3d8       28%         2
 Summon Small Mammal      Summ           4%         N/A       30%         1
 Call Imp                 Summ           2%         N/A       41%         2
 Hailstorm                Conj/Ice       4%         3d4       50%         3
 Mephitic Cloud           Conj/Pois/Air  3%         N/A       54%         3


Dungeon Overview and Level Annotations

Branches:
Dungeon (3/15)

Altars:


Innate Abilities, Weirdness & Mutations

((You are very nimble when in or above water. (Stealth+, EV+, Speed+++)))
Your lower body shifts to a powerful aquatic tail in water.


Message History

The orc hits you from afar with a +0 trident!
The orc barely misses you.
You climb upwards.
There is a stone staircase leading down here.
Unknown command.
You are too injured to fight recklessly!
You are too injured to fight recklessly!
You are too injured to fight recklessly!
You are too injured to fight recklessly!
You are too injured to fight recklessly!
You hit the orc.
The orc is heavily wounded.
The orc hits you but does no damage.
You closely miss the orc.
The orc is heavily wounded.
The orc closely misses you.
You hit the orc but do no damage.
The orc is heavily wounded.
The orc completely misses you.
You closely miss the orc.
The orc is heavily wounded.
The orc closely misses you.
You barely miss the orc.
The orc is heavily wounded.
The orc hits you with a +0 mace.
* * * LOW HITPOINT WARNING * * *
You closely miss the orc.
The orc is heavily wounded.
The orc closely misses you.
You hit the orc but do no damage.
The orc is heavily wounded.
The orc hits you but does no damage.
You hit the orc.
The orc is severely wounded.
The orc hits you with a +0 mace.
* * * LOW HITPOINT WARNING * * *
You completely miss the orc.
The orc is severely wounded.
The orc hits you with a +0 mace.
You die...

...##.#.....# #.#.#
...##.#.############.#.#
...##.#.#............#.#
...##.#.#.############.#
......#.#..............#
......#.################
..)...#.#
......#.##########
...............o@#
#.####.###########
#.......# ###..##.#####
............#
###.###.###.#
........###.#
#..#####....#
..........###


You could see an orc.

Vanquished Creatures
  A worm (D:2)
  A dart slug (D:2)
  A bat (D:2)
  5 endoplasms
  A giant cockroach (D:1)
  3 goblins
  2 hobgoblins
  2 jackals (D:2)
  6 kobolds
  4 quokkas (D:1)
  2 ball pythons
  A frilled lizard (D:2)
  5 rats
34 creatures vanquished.

Notes
Turn   | Place    | Note
-------+----------+-------------------------------------------
     0 | D:1      | sanka the Merfolk Reaver began the quest for the Orb.
     0 | D:1      | Reached XP level 1. HP: 16/16 MP: 3/3
   117 | D:1      | Reached skill level 4 in Long Blades
   122 | D:1      | Reached XP level 2. HP: 7/22 MP: 5/5
   839 | D:1      | Found a faded altar of an unknown god.
   849 | D:1      | Got Plato's Encyclopedia of Production
  1080 | D:2      | Reached XP level 3. HP: 6/23 MP: 4/6
  1212 | D:2      | Reached skill level 5 in Long Blades
  2235 | D:2      | Slain by an orc

Illustrated notes

Levels and vault maps discovered:
D:1:      dpeg_arrival_simpleton_c, layout_basic,
          shapermc_ecumenical_altar_rom_forum, serial_glass, glass_columns_b,
          glass_columns_a, glass_columns_c, glass_columns_b
D:2:      layout_basic
D:3:      layout_basic

Skill      XL: |  1  2  3 |
---------------+----------+-----
Long Blades    | 4 5 |  5.4
Fighting       | |  2.1
Dodging        | |  2.6
Spellcasting   | |  2.0
Conjurations   | |  2.4

Action                     || total
---------------------------++-------
  Melee: Falchion          ||   148
   Cast: Kiss of Death     ||     1
   Stab: Sleeping          ||     1
 Armour: Leather armour    ||    23
  Dodge: Dodged            ||   103
